 Dungeon Sprint DCSS version 0.21-a0-279-g6037ffb (webtiles) character file.

531480 Deeps the Invulnerable (level 21, -15/230 HPs)
             Began as a Minotaur Fighter on Sept 24, 2017.
             Was a High Priest of Okawaru.
             Killed from afar by Antaeus (45 damage)
             ... with a flash freeze
             ... in the Dungeon (Sprint IX: "|||||||||||||||||||||||||||||").
             The game lasted 00:47:21 (11199 turns).

Deeps the Invulnerable (Minotaur Fighter)          Turns: 11199, Time: 00:47:22

Health: -15/230    AC: 42    Str: 42    XL:     21   Next: 68%
Magic:  51/51      EV: 36    Int: 12    God:    Okawaru [*****.]
Gold:   1539       SH: 10    Dex: 24    Spells: 65/74 levels left

rFire    + + +     SeeInvis +   t - +9 broad axe (freeze)
rCold    + + .     Gourm    .   F - +1 buckler "Untael" {Str+6}
rNeg     + + .     Faith    .   E - +5 gold dragon scales
rPois    +         Spirit   .   J - +2 hat {SInv}
rElec    +         Reflect  .   I - scarf {rC+ rF+}
rCorr    +         Harm     .   q - +0 pair of gloves "Osoty" {rElec Str+3 Int+3}
MR       +....     NoTele   +   p - +1 pair of boots of Disguise {Str+3}
Stlth    +++++.....             M - amulet of regeneration
HPRegen  0.88/turn              Z - ring of Yffefoug {*Drain rN++ Dex+8 Slay+3 Stlth+}
MPRegen  0.32/turn              b - ring of Xom's Malicious Joy {rCorr rElec Int+4}

@: agile, berserk cooldown, hasted and slowed
A: retaliatory headbutt, horns 2, iridescent scales 1, rugged brown scales 1,
fire resistance 2, evolution 1, subdued magic 1
}: 9/15 runes: decaying, serpentine, barnacled, slimy, elven, silver, golden,
abyssal, gossamer
a: Heroism, Finesse, Renounce Religion


You were in the Dungeon.
You worshipped Okawaru.
Okawaru was extremely pleased with you.
You were not hungry.

You visited 1 branch You collected 1829 gold pieces.
You spent 290 gold pieces at shops.

Inventory:

Hand Weapons
 d - a +3 battleaxe of flaming
 o - the +5 broad axe "Pendulum" {holy, MP+9}
   (You found it in the Dungeon)

   It has been blessed by the Shining One to cause great damage to the undead
   and demons.
   It affects your magic capacity (+9).
 r - the +9 flail of Spite {crush, -Tele rC+ MR+}
   (You bought it in a shop in the Dungeon)

   It inflicts extra damage upon your enemies.
   It protects you from cold.
   It affects your resistance to hostile enchantments.
   It prevents most forms of teleportation.
 t - a +9 broad axe of freezing (weapon)
 P - a +3 war axe of flaming
Missiles
 v - 5 javelins of penetration (quivered)
Armour
 a - a +1 cloak of magic resistance
 c - the +1 pair of gloves of Curiosity {+Blink rF+ Str+4 Stlth+}
   (You took it off Nikola in the Dungeon)

   It affects your strength (+4).
   It protects you from fire.
   It lets you blink.
   It makes you more stealthy.
 f - a +1 shield of protection
 p - the +1 pair of boots of Disguise (worn) {Str+3}
   (Okawaru gifted it to you in the Dungeon)

   It affects your strength (+3).
 q - the +0 pair of gloves "Osoty" (worn) {rElec Str+3 Int+3}
   (Okawaru gifted it to you in the Dungeon)

   It affects your strength (+3).
   It affects your intelligence (+3).
   It insulates you from electricity.
 s - a +1 large shield of reflection
 E - +5 gold dragon scales (worn)
 F - the +1 buckler "Untael" (worn) {Str+6}
   (Okawaru gifted it to you in the Dungeon)

   It affects your strength (+6).
 G - +1 storm dragon scales
 I - a scarf of resistance (worn)
 J - a +2 hat of see invisible (worn)
Jewellery
 b - the ring of Xom's Malicious Joy (right hand) {rCorr rElec Int+4}
   (You found it in the Dungeon)

   [ring of resist corrosion]

   It affects your intelligence (+4).
   It insulates you from electricity.
 M - an amulet of regeneration (around neck)
 N - a +4 ring of protection
 Z - the ring of Yffefoug (left hand) {*Drain rN++ Dex+8 Slay+3 Stlth+}
   (You found it in the Dungeon)

   [ring of slaying]

   It affects your dexterity (+8).
   It affects your accuracy and damage with ranged weapons and melee attacks
   (+3).
   It greatly protects you from negative energy.
   It causes draining when unequipped.
   It makes you more stealthy.
Scrolls
 m - 6 scrolls of remove curse
 n - 2 scrolls of amnesia
 H - 4 scrolls of recharging
 S - 4 scrolls of enchant weapon
Potions
 e - a potion of curing
 h - 6 potions of haste
 i - 4 potions of magic
 j - 3 potions of berserk rage
 l - a potion of invisibility
 w - a potion of brilliance
 A - a potion of flight
Books
 U - a book of Minor Magic

   Spells                             Type                      Level
   a - Magic Dart                     Conjuration                  1
   b - Blink                          Translocation                2
   c - Call Imp                       Summoning                    2
   d - Slow                           Hexes                        2
   e - Conjure Flame                  Conjuration/Fire             3
   f - Mephitic Cloud                 Conjuration/Poison/Air       3
 V - a book of the Sky

   Spells                             Type                      Level
   a - Summon Lightning Spire         Summoning/Air                4
   b - Silence                        Hexes/Air                    5
   c - Deflect Missiles               Charms/Air                   6
   d - Conjure Ball Lightning         Conjuration/Air              6
   e - Tornado                        Air                          9
Comestibles
 B - 40 fruits
 C - 5 bread rations
 D - 12 meat rations
 T - a royal jelly


   Skills:
 O Level 27 Fighting
 O Level 27 Axes
 O Level 27 Armour
 O Level 27 Dodging
 O Level 27 Stealth
 + Level 15.7 Shields
 O Level 27 Spellcasting
 O Level 27 Air Magic
 + Level 15.4 Invocations
 + Level 14.3 Evocations


You had 65 spell levels left.
You knew the following spells:

 Your Spells              Type           Power        Failure   Level  Hunger
a - Tornado               Air            ######....   21%         9    #######


Dungeon Overview and Level Annotations

Branches:
Dungeon (1/1)

Altars:
Cheibriados
Dithmenos
Elyvilon
Fedhas
Gozag
Hepliaklqana
Kikubaaqudgha
Makhleb
Nemelex Xobeh
Okawaru
Qazlal
Ru
Sif Muna
Trog
Uskayaw
Vehumet
Wu Jian
Xom
Yredelemnul
Zin
The Shining One
Beogh
Jiyva
Lugonu

Shops:
D [(*=

Annotations:
D Antaeus


Innate Abilities, Weirdness & Mutations

You reflexively headbutt those who attack you in melee.
You have a pair of horns on your head.
You are partially covered in iridescent scales. (AC +2)
You are partially covered in rugged brown scales. (AC +1, +3% HP)
Your flesh is very heat resistant. (rF++)
You evolve.
Your spells are a little easier to cast, but a little less powerful.


Message History

The flash freeze misses you.
You feel better. You block Antaeus's attack.
Antaeus hits you but does no damage.
You feel better. Antaeus gestures at you. The flash freeze hits you!
You partially resist.
* * * LOW HITPOINT WARNING * * *
You are encased in ice.
You feel like a meek peon again.
You see here the +4 staff of Dispater.
The ice encasing you melts away. Antaeus hits you but does no damage.
You block Antaeus's attack.
You slice Antaeus!! You freeze Antaeus. You headbutt Antaeus, but do no damage.
Antaeus is lightly wounded.
You slice Antaeus like a ripe choko!!! You freeze Antaeus.
You headbutt Antaeus, but do no damage.
Antaeus is lightly wounded.
Antaeus gestures at you. The flash freeze hits you! You partially resist.
You die...

(▓[▓.▓'▓.♣.♣.▓.▓.▓.▓
.▓)▓.▓[▓.♣.♣.▓.▓.▓.▓
.▓.▓.▓.▓.♣.♣.▓.▓.▓.▓
.▓.▓.▓.▓.♣.♣.▓.▓.▓&▓
.▓)▓.▓)▓.♣.♣.▓.▓.▓.▓
.▓.▓.▓.▓.♣.♣.▓.▓.▓§▓
.▓)▓.▓.▓.♣.♣.▓.▓.▓.▓
.▓)▓.▓.▓.▓)▓.▓.▓C▓X▓
.▓(▓.▓.▓.▓)▓.▓.▓@▓X▓
.▓)▓.▓'▓.▓)▓.▓'▓.▓&▓
.▓.▓.▓.▓.▓)▓.▓.▓.▓X▓
.▓.▓.▓'▓.▓)▓.▓.▓.▓G▓
.▓.▓.▓.▓.▓.▓.▓.▓.▓.▓
.▓.▓.▓'▓.▓)▓.▓.▓.▓.▓
.▓[▓.▓.▓.▓)▓.▓.▓.▓.▓
.▓)▓.▓†▓.▓)▓.▓.▓.▓.▓
.▓)▓.▓†▓.▓)▓.▓.▓.▓.▓


You could see Antaeus.

Vanquished Creatures
  the Royal Jelly (D)
  Mnoleg (D)
  Dispater (D)
  2 ancient liches (D)
  3 orbs of fire (D)
  Mennas (D)
  Mara (D)
  3 greater mummies (D)
  Sojobo (D)
  Boris (D)
  Frederick (D)
  Margery (D)
  Geryon (D)
  A Killer Klown (D)
  Xtahua (D)
  Nikola (D)
  3 golden dragons (D)
  Jory (D)
  5 electric golems (D)
  5 tentacled monstrosities (D)
  3 liches (D)
  28 Orb Guardians (D)
  A quicksilver dragon (D)
  2 deep elf blademasters (D)
  A titan (D)
  10 acid blobs (D)
  A tentacled starspawn (D)
  3 tengu reavers (D)
  12 sphinxes (D)
  6 shadow dragons (D)
  9 azure jellies (D)
  4 draconian monks (D)
  2 nagarajas (D)
  5 storm dragons (D)
  Ilsuiw (D)
  2 draconian scorchers (D)
  2 draconian knights (D)
  4 ghost moths (D)
  4 vault wardens (D)
  A draconian shifter (D)
  2 fire giants (D)
  2 deep elf sorcerers (D)
  A draconian stormcaller (D)
  4 emperor scorpions (D)
  2 frost giants (D)
  2 ironheart preservers (D)
  A draconian annihilator (D)
  7 stone giants (D)
  9 vampire knights (D)
  3 very ugly things (D)
  3 deep elf demonologists (D)
  4 yellow draconians (D)
  Nessos (D)
  An entropy weaver (D)
  2 black draconians (D)
  A red draconian (D)
  3 purple draconians (D)
  2 deep elf annihilators (D)
  2 green draconians (D)
  3 white draconians (D)
  A spark wasp (D)
  An ettin (shapeshifter) (D)
  5 ettins (D)
  3 deep elf death magi (D)
  Snorg (D)
  5 merfolk javelineers (D)
  A merfolk impaler (D)
  7 mummy priests (D)
  Josephine (D)
  2 deep elf high priests (D)
  3 fire dragons (D)
  4 yaktaur captains (D)
  9 death oozes (D)
  25 vault guards (D)
  9 hydras (D)
  2 rakshasas (D)
  A great orb of eyes (D)
  3 ice dragons (D)
  A centaur warrior (D)
  2 naga warriors (D)
  A death knight (D)
  A ghost crab (D)
  8 death yaks (D)
  5 ogre magi (D)
  3 merfolk aquamancers (D)
  2 tengu warriors (D)
  A merfolk avatar (D)
  6 two-headed ogres (D)
  Urug (D)
  A naga sharpshooter (D)
  3 deep troll earth magi (D)
  A thrashing horror (D)
  A spriggan berserker (D)
  Sonja (D)
  5 hell knights (D)
  A deep elf knight (D)
  A wretched star (D)
  3 sea snakes (D)
  2 spriggan druids (D)
  A deep elf archer (D)
  2 glowing orange brains (D)
  A shambling mangrove (D)
  4 swamp dragons (D)
  2 ironbrand convokers (D)
  2 necromancers (D)
  A harpy (D)
  3 orc knights (D)
  An orc sorcerer (D)
  4 large abominations (D)
  A manticore (D)
  5 wolf spiders (D)
  A deep elf mage (D)
  A cyclops (D)
  10 moths of wrath (D)
  2 guardian serpents (D)
  3 black mambas (D)
  Psyche (D)
  Joseph (D)
  4 naga magi (D)
  A vault sentinel (D)
  A smoke demon (D)
  A spiny frog (D)
  4 demonic crawlers (D)
  2 yaktaurs (D)
  An ancient zyme (D)
  A queen bee (shapeshifter) (D)
  18 guardian mummies (D)
  2 freezing wraiths (D)
  2 trolls (D)
  A jumping spider (D)
  4 merfolk (D)
  A wandering mushroom (D)
  4 slime creatures (D)
  2 hornets (D)
  2 snapping turtles (D)
  4 bog bodies (D)
  11 spriggans (D)
  2 redbacks (D)
  A spriggan (shapeshifter) (D)
  A tarantella (D)
  5 wraiths (D)
  2 yaks (D)
  Eustachio (D)
  Grum (D)
  2 basilisks (D)
  A small abomination (D)
  2 vampire mosquitoes (D)
  An acid dragon (D)
  8 nagas (D)
  A water moccasin (D)
  7 porcupines (D)
  2 floating eyes (D)
  10 orc warriors (D)
  A swamp drake (D)
  2 eyes of draining (D)
  6 ogres (D)
  6 wolves (D)
  3 centaurs (D)
  2 crocodiles (D)
  A big kobold (D)
  4 bullfrogs (D)
  A howler monkey (D)
  A crimson imp (D)
  2 orc priests (D)
  2 hounds (D)
  4 orc wizards (D)
  An adder skeleton (D)
  An adder simulacrum (D)
  A leopard gecko (D)
  6 orcs (D)
  A bat zombie (D)
  A goblin (D)
  A bat (D)
  A frilled lizard (D)
  A kobold (D)
  A leopard gecko simulacrum (D)
  A quokka skeleton (D)
  A rat (D)
  4 crawling corpses (D)
539 creatures vanquished.

Vanquished Creatures (others)
  A tentacled monstrosity (D)
  A golden eye (D)
2 creatures vanquished.

Grand Total: 541 creatures vanquished

Notes
Turn   | Place    | Note
-------+----------+-------------------------------------------
     0 | D        | Deeps the Minotaur Fighter began the quest for the Orb.
     0 | D        | Reached XP level 1. HP: 19/19 MP: 0/0
    26 | D        | Noticed a howler monkey
    26 | D        | Noticed a hound
    26 | D        | Noticed a hound
    26 | D        | Noticed a water moccasin
    32 | D        | Killed a howler monkey
    32 | D        | Reached skill level 5 in Fighting
    32 | D        | Reached skill level 5 in Axes
    32 | D        | Reached skill level 5 in Armour
    32 | D        | Reached XP level 2. HP: 17/30 MP: 1/1
    32 | D        | Reached XP level 3. HP: 21/37 MP: 2/2
    40 | D        | Reached XP level 4. HP: 22/45 MP: 3/3
    51 | D        | Killed a water moccasin
    51 | D        | Reached XP level 5. HP: 10/56 MP: 4/4
    58 | D        | Found a roughly hewn altar of Beogh.
    58 | D        | Found a snail-covered altar of Cheibriados.
    58 | D        | Found a shadowy altar of Dithmenos.
    58 | D        | Found a white marble altar of Elyvilon.
    58 | D        | Found a blossoming altar of Fedhas.
    58 | D        | Found an opulent altar of Gozag.
    59 | D        | Found a hazy altar of Hepliaklqana.
    60 | D        | Found a viscous altar of Jiyva.
    61 | D        | Found an ancient bone altar of Kikubaaqudgha.
    62 | D        | Found a corrupted altar of Lugonu.
    63 | D        | Found a burning altar of Makhleb.
    64 | D        | Found a sparkling altar of Nemelex Xobeh.
    65 | D        | Found an iron altar of Okawaru.
    66 | D        | Found a stormy altar of Qazlal.
    67 | D        | Found a sacrificial altar of Ru.
    68 | D        | Found a deep blue altar of Sif Muna.
    69 | D        | Found a bloodstained altar of Trog.
    70 | D        | Found a hide-covered altar of Uskayaw.
    71 | D        | Found a radiant altar of Vehumet.
    72 | D        | Found an ornate altar of the Wu Jian Council.
    73 | D        | Became a worshipper of Warmaster Okawaru
    74 | D        | Found a shimmering altar of Xom.
    75 | D        | Found a basalt altar of Yredelemnul.
    76 | D        | Found a glowing silver altar of Zin.
    77 | D        | Found a glowing golden altar of the Shining One.
   413 | D        | Noticed an ogre
   413 | D        | Noticed a centaur
   413 | D        | Noticed a wraith
   413 | D        | Noticed an ogre
   416 | D        | Killed an ogre
   416 | D        | Reached XP level 6. HP: 53/64 MP: 5/5
   418 | D        | Reached skill level 10 in Fighting
   418 | D        | Reached skill level 10 in Armour
   422 | D        | Killed a wraith
   422 | D        | Reached * piety under Okawaru
   422 | D        | Reached skill level 10 in Axes
   425 | D        | Reached XP level 7. HP: 64/74 MP: 6/6
   439 | D        | Noticed a vampire mosquito
   439 | D        | Noticed a troll
   439 | D        | Noticed a manticore
   444 | D        | Killed a vampire mosquito
   448 | D        | Reached ** piety under Okawaru
   454 | D        | Killed a troll
   454 | D        | Reached XP level 8. HP: 63/85 MP: 7/7
   462 | D        | Killed a manticore
   462 | D        | Reached *** piety under Okawaru
   462 | D        | Received a gift from Okawaru
   851 | D        | Got the +3 scale mail "Jopotyk" {MR+ MP+9 Int+7 Stlth+}
   865 | D        | Gained mutation: You are dopey. (Int -2) [potion of mutation]
   865 | D        | Gained mutation: You are partially covered in iridescent scales. (AC +2) [potion of mutation]
   865 | D        | Gained mutation: Armour fits poorly on your strangely shaped body. [potion of mutation]
   865 | D        | Gained mutation: Your movements are slightly less encumbered by armour. (ER -2) [potion of mutation]
   887 | D        | Noticed a death yak
   889 | D        | Reached **** piety under Okawaru
   892 | D        | Reached XP level 9. HP: 93/94 MP: 8/8
   902 | D        | Killed a death yak
   903 | D        | Reached skill level 15 in Fighting
   903 | D        | Reached skill level 15 in Armour
  1134 | D        | Noticed a spiny frog
  1138 | D        | Reached ***** piety under Okawaru
  1140 | D        | Reached skill level 15 in Axes
  1146 | D        | Killed a spiny frog
  1158 | D        | Reached XP level 10. HP: 61/107 MP: 9/9
  1352 | D        | Noticed a death yak
  1352 | D        | Noticed a death yak
  1352 | D        | Noticed a death yak
  1352 | D        | Noticed a death yak
  1352 | D        | Noticed a death yak
  1357 | D        | Killed a death yak
  1357 | D        | Received a gift from Okawaru
  1359 | D        | Noticed a death yak
  1362 | D        | Noticed a death yak
  1363 | D        | Killed a death yak
  1365 | D        | Killed a death yak
  1370 | D        | Killed a death yak
  1372 | D        | Killed a death yak
  1377 | D        | Killed a death yak
  1377 | D        | Reached XP level 11. HP: 61/117 MP: 10/10
  1380 | D        | Killed a death yak
  1380 | D        | Received a gift from Okawaru
  1391 | D        | Got a transparent battleaxe {god gift}
  1397 | D        | Identified the +3 battleaxe "Cocryap" {venom, MP+9} (Okawaru gifted it to you in the Dungeon)
  1629 | D        | Noticed Joseph
  1638 | D        | Killed Joseph
  1789 | D        | Noticed an orc knight
  1790 | D        | Noticed an orc sorcerer
  1796 | D        | Killed an orc knight
  1803 | D        | Killed an orc sorcerer
  1805 | D        | Noticed an orc knight
  1820 | D        | Killed an orc knight
  2202 | D        | Found Vopaesch's Armour Emporium.
  2202 | D        | Noticed a two-headed ogre
  2202 | D        | Noticed an ogre mage
  2202 | D        | Noticed an ogre mage
  2206 | D        | Killed a two-headed ogre
  2207 | D        | Noticed an ogre mage
  2213 | D        | Killed an ogre mage
  2214 | D        | Found Muopsu Muwu's Weapon Shoppe.
  2216 | D        | Killed an ogre mage
  2223 | D        | Found Tauxokhla's Assorted Antiques.
  2223 | D        | Noticed a two-headed ogre
  2224 | D        | Noticed a two-headed ogre
  2228 | D        | Noticed a two-headed ogre
  2229 | D        | Killed an ogre mage
  2229 | D        | Reached ****** piety under Okawaru
  2230 | D        | Noticed a two-headed ogre
  2231 | D        | Killed a two-headed ogre
  2233 | D        | Noticed a two-headed ogre
  2236 | D        | Killed a two-headed ogre
  2236 | D        | Received a gift from Okawaru
  2237 | D        | Found Hunil Detis's Jewellery Shoppe.
  2241 | D        | Killed a two-headed ogre
  2241 | D        | Reached XP level 12. HP: 77/132 MP: 11/11
  2244 | D        | Killed a two-headed ogre
  2248 | D        | Killed a two-headed ogre
  2290 | D        | Bought a notched golden ring for 100 gold pieces
  2290 | D        | Bought a scroll labeled MUNUQE QUOR AMAP for 20 gold pieces
  2304 | D        | Bought an ancient flail for 170 gold pieces
  2304 | D        | Identified the +9 flail of Spite {crush, -Tele rC+ MR+} (You bought it in a shop in the Dungeon)
  2475 | D        | Noticed Psyche
  2482 | D        | Killed Psyche
  2488 | D        | Noticed Urug
  2501 | D        | Killed Urug
  2501 | D        | Reached skill level 1 in Dodging
  2501 | D        | Reached skill level 1 in Invocations
  2501 | D        | Reached skill level 1 in Evocations
  2503 | D        | Noticed Sonja
  2507 | D        | Noticed Josephine
  2510 | D        | Killed Sonja
  2523 | D        | Killed Josephine
  2899 | D        | Noticed a four-headed hydra
  2901 | D        | Received a gift from Okawaru
  2909 | D        | Killed a four-headed hydra
  2927 | D        | Got a faintly humming buckler {god gift}
  2931 | D        | Noticed a green very ugly thing
  2932 | D        | Noticed a fire giant
  2933 | D        | Noticed a fire giant
  2934 | D        | Noticed a deep troll earth mage
  2941 | D        | Killed a green very ugly thing
  2941 | D        | Reached skill level 5 in Dodging
  2950 | D        | Killed a fire giant
  2950 | D        | Reached skill level 5 in Invocations
  2951 | D        | Noticed a rakshasa
  2958 | D        | Killed a fire giant
  2958 | D        | Reached skill level 5 in Evocations
  2965 | D        | Killed a deep troll earth mage
  2982 | D        | Killed a rakshasa
  2993 | D        | Gained mutation: You possess an exceptional clarity of mind. [mutagenic meat]
  2994 | D        | Gained mutation: Your muscles are strong. (Str +2) [mutagenic meat]
  2995 | D        | Lost mutation: You possess an exceptional clarity of mind. [mutagenic meat]
  3223 | D        | Identified the +1 buckler "Untael" {Str+6} (Okawaru gifted it to you in the Dungeon)
  3270 | D        | Noticed Eustachio
  3278 | D        | Killed Eustachio
  3293 | D        | Lost mutation: Your movements are slightly less encumbered by armour. (ER -2) [potion of mutation]
  3293 | D        | Lost mutation: You are dopey. (Int -2) [potion of mutation]
  3293 | D        | Lost mutation: Your muscles are strong. (Str +2) [potion of mutation]
  3293 | D        | Gained mutation: Potions are less effective at restoring your health. [potion of mutation]
  3293 | D        | Gained mutation: Your flesh is heat resistant. (rF+) [potion of mutation]
  3342 | D        | Noticed an entropy weaver
  3345 | D        | Killed a ghost moth
  3345 | D        | Reached XP level 13. HP: 143/143 MP: 1/16
  3372 | D        | Killed an entropy weaver
  3372 | D        | Received a gift from Okawaru
  3404 | D        | Gained mutation: Your flesh is very heat resistant. (rF++) [mutagenic meat]
  3405 | D        | Gained mutation: You are partially covered in rugged brown scales. (AC +1, +3% HP) [mutagenic meat]
  3408 | D        | Lost mutation: Armour fits poorly on your strangely shaped body. [mutagenic meat]
  3865 | D        | Noticed Snorg
  3873 | D        | Killed Snorg
  3873 | D        | Received a gift from Okawaru
  3903 | D        | Noticed Nessos
  3910 | D        | Killed Nessos
  3910 | D        | Reached skill level 10 in Dodging
  3923 | D        | Noticed Grum
  3932 | D        | Killed Grum
  3966 | D        | Noticed a stone giant
  3966 | D        | Noticed a stone giant
  3966 | D        | Noticed an ettin
  3967 | D        | Noticed an ettin
  3986 | D        | Killed a stone giant
  3987 | D        | Noticed an ettin
  3992 | D        | Killed a stone giant
  3998 | D        | Killed an ettin
  3999 | D        | Noticed a frost giant
  4002 | D        | Killed an ettin
  4002 | D        | Reached XP level 14. HP: 51/159 MP: 12/19
  4020 | D        | Killed a frost giant
  4027 | D        | Noticed a red very ugly thing
  4035 | D        | Noticed a frost giant
  4045 | D        | Killed a red very ugly thing
  4045 | D        | Received a gift from Okawaru
  4050 | D        | Killed a frost giant
  4069 | D        | Got a bronze chain mail {god gift}
  4397 | D        | Identified the +2 chain mail of Ysev {Str+4 Stlth+} (Okawaru gifted it to you in the Dungeon)
  4432 | D        | Noticed a vault warden
  4453 | D        | Killed a vault warden
  4769 | D        | Noticed Mara
  4802 | D        | Noticed Deeps's illusion
  4821 | D        | Killed Mara
  4821 | D        | Received a gift from Okawaru
  4821 | D        | Reached skill level 15 in Dodging
  5222 | D        | Noticed a tengu reaver
  5223 | D        | Noticed Sojobo
  5225 | D        | Noticed a tengu reaver
  5228 | D        | Killed a tengu reaver
  5249 | D        | Killed Sojobo
  5249 | D        | Received a gift from Okawaru
  5249 | D        | Reached XP level 15. HP: 131/173 MP: 20/20
  5258 | D        | Killed a tengu reaver
  5268 | D        | Got a translucent war axe {god gift}
  5269 | D        | Identified the +1 war axe "Ziacurr" {pain, MR+ Dex+3 Stlth+} (Okawaru gifted it to you in the Dungeon)
  5427 | D        | Noticed Xtahua
  5428 | D        | Noticed Jory
  5436 | D        | Killed Xtahua
  5436 | D        | Received a gift from Okawaru
  5452 | D        | Killed Jory
  5613 | D        | Noticed Ilsuiw
  5635 | D        | Killed Ilsuiw
  5666 | D        | Noticed a nagaraja
  5671 | D        | Killed a nagaraja
  5675 | D        | Noticed a nagaraja
  5691 | D        | Killed a nagaraja
  5691 | D        | Received a gift from Okawaru
  5711 | D        | Got a serpentine rune of Zot
  5728 | D        | Got a barnacled rune of Zot
  5742 | D        | Gained mutation: You evolve. [mutagenic meat]
  6027 | D        | Got a decaying rune of Zot
  6082 | D        | Noticed a ghost moth
  6086 | D        | Noticed a ghost moth
  6093 | D        | Noticed a ghost moth
  6106 | D        | Reached skill level 27 in Armour
  6108 | D        | Reached skill level 27 in Fighting
  6110 | D        | Reached skill level 27 in Axes
  6110 | D        | Reached XP level 16. HP: 161/188 MP: 0/21
  6267 | D        | Got a gossamer rune of Zot
  6343 | D        | Noticed Frederick
  6357 | D        | Killed Frederick
  6357 | D        | Received a gift from Okawaru
  6366 | D        | Got a twisted scale mail {god gift}
  6377 | D        | Identified the +0 scale mail "Maphun" {*Drain rPois rF+} (Okawaru gifted it to you in the Dungeon)
  6452 | D        | Lost mutation: Potions are less effective at restoring your health. [evolution]
  6620 | D        | Reached skill level 27 in Dodging
  6650 | D        | Noticed a shadow dragon
  6655 | D        | Noticed a shadow dragon
  6665 | D        | Noticed a tengu reaver
  6673 | D        | Killed a shadow dragon
  6673 | D        | Reached skill level 10 in Stealth
  6684 | D        | Killed a shadow dragon
  6694 | D        | Killed a tengu reaver
  6696 | D        | Noticed a tentacled monstrosity
  6700 | D        | Killed a tentacled monstrosity
  6700 | D        | Reached XP level 17. HP: 133/196 MP: 20/22
  6813 | D        | Noticed a tentacled monstrosity
  6813 | D        | Noticed a titan
  6814 | D        | Found the +10 Black Knight's horse barding {ponderous, rPois rN+}
  6819 | D        | Killed a tentacled monstrosity
  6819 | D        | Reached skill level 15 in Stealth
  6837 | D        | Killed a titan
  6837 | D        | Received a gift from Okawaru
  6860 | D        | Got a silver rune of Zot
  6863 | D        | Got a polished dagger {god gift}
  6866 | D        | Identified the +3 dagger "Gusun" {pierce, +Fly rF- rC+} (Okawaru gifted it to you in the Dungeon)
  6966 | D        | Got the ring "Fathred" {rF+ SInv}
  6968 | D        | Got the ring of Yffefoug {*Drain rN++ Dex+8 Slay+3 Stlth+}
  6990 | D        | Got the amulet of Ratach {Gourm rN++}
  6992 | D        | Got the ring of Xom's Malicious Joy {rCorr rElec Int+4}
  6994 | D        | Got the amulet "Maetaq" {Faith rPois rF- rN+ Str+2}
  7001 | D        | Got the +5 broad axe "Pendulum" {holy, MP+9}
  7021 | D        | Got the +2 swamp dragon scales of the Journeyman {*Slow rPois rCorr Str+4}
  7092 | D        | Noticed Nikola
  7093 | D        | Noticed Boris
  7100 | D        | Killed Nikola
  7107 | D        | Killed Boris
  7111 | D        | Got a pair of warped gloves
  7125 | D        | Identified the +1 pair of gloves of Curiosity {+Blink rF+ Str+4 Stlth+} (You took it off Nikola in the Dungeon)
  7189 | D        | Noticed Margery
  7206 | D        | Killed Margery
  7206 | D        | Received a gift from Okawaru
  7227 | D        | Noticed Mennas
  7250 | D        | Killed Mennas
  7290 | D        | Noticed a tentacled monstrosity
  7295 | D        | Noticed a lich
  7302 | D        | Killed a tentacled monstrosity
  7314 | D        | Killed a lich
  7339 | D        | Noticed a golden dragon
  7348 | D        | Killed a golden dragon
  7356 | D        | Received a gift from Okawaru
  7392 | D        | Reached XP level 18. HP: 194/206 MP: 23/23
  7427 | D        | Noticed a golden dragon
  7434 | D        | Killed a golden dragon
  7445 | D        | Reached skill level 27 in Stealth
  7445 | D        | Reached skill level 1 in Spellcasting
  7458 | D        | Reached skill level 5 in Spellcasting
  7461 | D        | Received a gift from Okawaru
  7505 | D        | Received a gift from Okawaru
  7533 | D        | Reached skill level 10 in Spellcasting
  7545 | D        | Got a pair of brightly glowing boots {god gift}
  7556 | D        | Identified the +1 pair of boots of Disguise {Str+3} (Okawaru gifted it to you in the Dungeon)
  7567 | D        | Noticed a golden dragon
  7585 | D        | Killed a golden dragon
  7710 | D        | Noticed a tentacled monstrosity
  7723 | D        | Noticed an electric golem
  7743 | D        | Killed a tentacled monstrosity
  7743 | D        | Reached skill level 15 in Spellcasting
  7769 | D        | Killed an electric golem
  7792 | D        | Learned a level 9 spell: Tornado
  7888 | D        | Noticed an Orb Guardian
  7888 | D        | Noticed an Orb Guardian
  7888 | D        | Noticed an Orb Guardian
  7888 | D        | Noticed an Orb Guardian
  7888 | D        | Noticed an Orb Guardian
  7888 | D        | Noticed an Orb Guardian
  7889 | D        | Noticed an Orb Guardian
  7891 | D        | Killed an Orb Guardian
  7896 | D        | Noticed an Orb Guardian
  7897 | D        | Killed an Orb Guardian
  7900 | D        | Killed an Orb Guardian
  7900 | D        | Reached skill level 5 in Air Magic
  7901 | D        | Killed an Orb Guardian
  7908 | D        | Killed an Orb Guardian
  7913 | D        | Killed an Orb Guardian
  7915 | D        | Killed an Orb Guardian
  7915 | D        | Received a gift from Okawaru
  7917 | D        | Killed an Orb Guardian
  7920 | D        | Got a pair of slimy gloves {god gift}
  7921 | D        | Identified the +0 pair of gloves "Osoty" {rElec Str+3 Int+3} (Okawaru gifted it to you in the Dungeon)
  7933 | D        | Noticed an Orb Guardian
  7934 | D        | Noticed an Orb Guardian
  7937 | D        | Killed an Orb Guardian
  7941 | D        | Killed an Orb Guardian
  7941 | D        | Reached skill level 10 in Air Magic
  7941 | D        | Reached XP level 19. HP: 207/213 MP: 38/40
  7999 | D        | Noticed an ancient lich
  8008 | D        | Killed an ancient lich
  8013 | D        | Noticed an orb of fire
  8018 | D        | Killed an orb of fire
  8021 | D        | Noticed an electric golem
  8027 | D        | Noticed a Killer Klown
  8027 | D        | Noticed an electric golem
  8027 | D        | Noticed an ancient lich
  8028 | D        | Noticed an orb of fire
  8029 | D        | Noticed an electric golem
  8038 | D        | Killed an ancient lich
  8038 | D        | Received a gift from Okawaru
  8038 | D        | Reached skill level 15 in Air Magic
  8040 | D        | Killed an electric golem
  8041 | D        | Noticed an electric golem
  8045 | D        | Killed a Killer Klown
  8047 | D        | Killed an electric golem
  8056 | D        | Killed an orb of fire
  8066 | D        | Killed an electric golem
  8097 | D        | Noticed an orb of fire
  8105 | D        | Killed an orb of fire
  8121 | D        | Killed an electric golem
  8134 | D        | Gained mutation: Your spells are a little easier to cast, but a little less powerful. [evolution]
  8234 | D        | Received a gift from Okawaru
  8246 | D        | Reached XP level 20. HP: 222/222 MP: 40/45
  8276 | D        | Received a gift from Okawaru
  8410 | D        | Paralysed by a vampire knight for 6 turns
  8420 | D        | Paralysed by a vampire knight for 4 turns
  8618 | D        | Got an elven rune of Zot
  8692 | D        | Paralysed by a floating eye for 3 turns
  8700 | D        | Noticed the Royal Jelly
  8973 | D        | Killed the Royal Jelly
  8973 | D        | Received a gift from Okawaru
  9056 | D        | Got a slimy rune of Zot
  9165 | D        | Reached XP level 21. HP: 166/230 MP: 44/50
  9195 | D        | Reached skill level 27 in Spellcasting
  9595 | D        | Noticed a greater mummy
  9595 | D        | Noticed a greater mummy
  9595 | D        | Noticed a greater mummy
  9615 | D        | Killed a greater mummy
  9905 | D        | Killed a greater mummy
  9905 | D        | Received a gift from Okawaru
  9905 | D        | Reached skill level 27 in Air Magic
  9905 | D        | Reached skill level 10 in Invocations
 10003 | D        | Killed a greater mummy
 10003 | D        | Reached skill level 10 in Evocations
 10231 | D        | Got a golden rune of Zot
 10240 | D        | Reached skill level 10 in Shields
 10276 | D        | Got an abyssal rune of Zot
 10402 | D        | Noticed Geryon
 10413 | D        | Killed Geryon
 10415 | D        | Noticed Dispater
 10415 | D        | Noticed Antaeus
 10416 | D        | Noticed Mnoleg
 10672 | D        | Paralysed by a floating eye for 4 turns
 10680 | D        | HP: 2/225 [Brimstone Fiend/damnation[Dispater] (23)]
 10704 | D        | HP: 5/230 [Dispater/damnation (38)]
 10720 | D        | HP: 7/230 [Dispater/damnation (19)]
 11127 | D        | Killed Mnoleg
 11186 | D        | Killed Dispater
 11186 | D        | Reached skill level 15 in Shields
 11186 | D        | Reached skill level 15 in Invocations
 11199 | D        | Killed from afar by Antaeus

Vault maps used:
D:        linesprint

Skill      XL: |  1  2  3  4  5  6  7  8  9 10 11 12 13 14 15 16 17 18 19 20 21 |
---------------+----------------------------------------------------------------+-----
Fighting       | 5 6 8 9 11 12 13 15 17 19 21 22 24 27 | 27.0
Axes           | 5 6 8 9 10 12 13 15 17 19 21 22 24 27 | 27.0
Armour         | 5 6 8 9 11 12 13 15 17 19 21 22 24 27 | 27.0
Dodging        | 7 11 15 19 27 | 27.0
Invocations    | 6 9 15 | 15.4
Evocations     | 5 8 14 | 14.3
Stealth        | 13 26 27 | 27.0
Spellcasting   | 18 22 26 27 | 27.0
Air Magic      | 10 19 24 27 | 27.0
Shields        | 15 | 15.7

Action                   |  1- 3 |  4- 6 |  7- 9 | 10-12 | 13-15 | 16-18 | 19-21 || total
-------------------------+-------+-------+-------+-------+-------+-------+-------++-------
Melee: War axe           |    30 |    11 |       |       |       |       |       ||    41
       Headbutt          |     2 |     2 |    11 |    54 |   123 |   205 |   214 ||   611
       Broad axe         |       |    12 |    74 |   138 |   455 |   569 |   580 ||  1828
       Battleaxe         |       |       |       |    74 |       |       |       ||    74
       Flail             |       |       |       |    18 |    48 |       |       ||    66
Invok: Heroism           |       |       |       |     1 |     5 |     8 |    15 ||    29
       Finesse           |       |       |       |       |     4 |     8 |    15 ||    27
  Use: Potion            |       |       |     1 |     5 |     6 |     1 |    24 ||    37
       Scroll            |       |       |     8 |       |     2 |    10 |     8 ||    28
 Stab: Sleeping          |       |       |       |       |       |     1 |     5 ||     6
       Distracted        |       |       |       |       |       |     1 |       ||     1
  Eat: Bread ration      |       |       |     1 |     2 |     2 |     2 |     1 ||     8
       Chunk             |       |       |       |     3 |     7 |       |       ||    10
Armor: Scale mail        |     9 |     5 |     7 |     3 |       |       |       ||    24
       Plate armour      |       |     1 |    25 |    66 |   105 |       |       ||   197
       Chain mail        |       |       |       |       |    27 |       |       ||    27
       Gold dragon scale |       |       |       |       |    95 |   163 |   210 ||   468
Dodge: Dodged            |    11 |     6 |    20 |    67 |   282 |   280 |   319 ||   985
Block: Shield            |    17 |    10 |    24 |    25 |       |       |       ||    76
       Buckler           |       |       |       |       |    88 |    95 |   103 ||   286

Table legend:
 A = Spawn XP
 B = Non-spawn XP
 C = Spawn XP percentage of total XP
 D = Spawn monster count
 E = Non-spawn monster count
 F = Spawn count percentage of total count
 G = Total turns spent on level
                    A         B        C        D         E        F      G
               +---------+---------+-------+---------+---------+-------+---------
         Total |       0 |  668701 |   0.0 |       0 |     523 |   0.0 | 11199
               +---------+---------+-------+---------+---------+-------+---------
             D |       0 |  668701 |   0.0 |       0 |     523 |   0.0 | 11199
               +---------+---------+-------+---------+---------+-------+---------
